General information
- name: BNet
- type: Ladder 1vs1/FFA
- host: Battle.net
- saver: bce48
map: TirisfalGlades
- players: 2
- length: 32:33
- speed: Fast
- version: 1.24 W3XP
- replay type: Public
» download(106 KB)
Players
team 1 (loser)

»
cheesewhiziest (
teal | 61 APM | 1999 actions | 32:31)
5 Dark Ranger
3 Black Arrow
2 Silence
3 Mountain King
2 Storm Bolt
1 Thunder Clap
1 Goblin Tinker
1 Pocket Factory
» actions
| Assign group hotkey | 73 | |
| Build / train | 123 | |
| Enter build submenu | 26 | |
| Enter hero's abilities submenu | 10 | |
| Remove unit from queue | 2 | |
| Right click | 681 | |
| Select / deselect | 393 | |
| Select group hotkey | 593 | |
| Use ability | 98 | |
1999 total
» units
| Peasant | 26 | |
| Footman | 9 | |
| Rifleman | 18 | |
| Dragonhawk Rider | 17 | |
| Gryphon Rider | 6 | |
| Mortar Team | 8 | |
84 total
» upgrades
| Defend | 1 | |
| Armor | 1 | |
| Gunpowder | 1 | |
| Long Rifles | 1 | |
| Lumber Harvesting | 2 | |
| Masonry | 2 | |
| Cloud | 1 | |
| Fragmentation Shards | 1 | |
10 total
» buildings
| Farm | 20 | |
| Altar of Kings | 1 | |
| Barracks | 2 | |
| Arcane Vault | 1 | |
| Blacksmith | 1 | |
| Keep | 1 | |
| Town Hall | 1 | |
| Scout Tower | 9 | |
| Lumber Mill | 1 | |
| Arcane Tower | 1 | |
| Castle | 1 | |
| Gryphon Aviary | 2 | |
| Guard Tower | 6 | |
| Workshop | 2 | |
49 total
» build order
00:12 Farm
00:22 Altar of Kings
00:50 Farm
01:05 Barracks
01:37 Barracks
01:48 Farm
02:16 Farm
04:12 Arcane Vault
05:25 Farm
05:26 Farm
05:26 Farm
05:42 Blacksmith
06:23 Keep
08:10 Town Hall
09:02 Farm
09:03 Farm
09:03 Farm
09:04 Farm
09:04 Farm
10:06 Farm
10:06 Farm
10:06 Farm
12:04 Scout Tower
12:05 Scout Tower
12:05 Scout Tower
12:06 Scout Tower
12:15 Lumber Mill
12:50 Arcane Tower
13:43 Castle
13:46 Gryphon Aviary
14:05 Gryphon Aviary
14:52 Scout Tower
14:53 Scout Tower
14:54 Scout Tower
14:56 Scout Tower
14:59 Scout Tower
15:42 Farm
15:43 Farm
15:45 Farm
15:47 Farm
15:48 Farm
16:01 Guard Tower
16:04 Guard Tower
16:08 Guard Tower
16:13 Guard Tower
16:13 Guard Tower
27:51 Workshop
27:55 Workshop
» items
| Scroll of Regeneration | 3 | |
| Lesser Clarity Potion | 2 | |
| Potion of Healing | 1 | |
6 total
team 2 (winner)
bce48 (
red | 80 APM | 2606 actions | 32:33)
5 Archmage
2 Blizzard
3 Brilliance Aura
4 Blood Mage
2 Flame Strike
2 Siphon Mana
» actions
| Assign group hotkey | 71 | |
| Basic commands | 89 | |
| Build / train | 121 | |
| ESC pressed | 2 | |
| Enter build submenu | 56 | |
| Enter hero's abilities submenu | 9 | |
| Give item / drop item | 1 | |
| Right click | 1300 | |
| Select / deselect | 511 | |
| Select group hotkey | 237 | |
| Use ability | 209 | |
2606 total
» units
| Peasant | 23 | |
| Sorceress | 4 | |
| Flying Machine | 1 | |
| Dragonhawk Rider | 13 | |
| Mortar Team | 4 | |
| Gryphon Rider | 3 | |
| Siege Engine | 2 | |
50 total
» upgrades
| Masonry | 3 | |
| Sorceress Training | 2 | |
| Magic Sentry | 1 | |
| Lumber Harvesting | 2 | |
| Flak Cannons | 1 | |
| Flying Machine Bombs | 1 | |
| Fragmentation Shards | 1 | |
| Flare | 1 | |
| Armor | 1 | |
| Storm Hammers | 1 | |
| Cloud | 1 | |
| Barrage | 1 | |
16 total
» buildings
| Altar of Kings | 1 | |
| Arcane Vault | 2 | |
| Farm | 12 | |
| Scout Tower | 30 | |
| Lumber Mill | 1 | |
| Guard Tower | 13 | |
| Arcane Tower | 2 | |
| Keep | 1 | |
| Blacksmith | 1 | |
| Arcane Sanctum | 1 | |
| Castle | 1 | |
| Workshop | 2 | |
| Town Hall | 1 | |
| Gryphon Aviary | 3 | |
| Cannon Tower | 1 | |
72 total
» build order
00:05 Altar of Kings
00:25 Arcane Vault
00:34 Farm
00:59 Farm
01:06 Scout Tower
01:19 Lumber Mill
02:15 Scout Tower
02:17 Scout Tower
02:17 Scout Tower
02:19 Scout Tower
02:40 Farm
02:56 Guard Tower
03:09 Guard Tower
03:43 Guard Tower
04:02 Arcane Tower
04:16 Scout Tower
04:17 Scout Tower
04:18 Farm
04:20 Farm
04:20 Farm
04:42 Keep
04:58 Guard Tower
05:29 Blacksmith
07:15 Arcane Sanctum
09:09 Castle
09:12 Workshop
09:14 Workshop
10:55 Town Hall
10:57 Scout Tower
11:00 Scout Tower
11:01 Scout Tower
11:05 Scout Tower
11:10 Scout Tower
11:10 Scout Tower
11:41 Guard Tower
11:48 Guard Tower
11:49 Scout Tower
11:50 Scout Tower
12:04 Arcane Vault
12:07 Farm
12:50 Arcane Tower
13:48 Gryphon Aviary
13:49 Gryphon Aviary
13:51 Scout Tower
13:51 Scout Tower
15:32 Guard Tower
15:33 Scout Tower
15:34 Scout Tower
15:38 Guard Tower
17:09 Guard Tower
20:00 Scout Tower
20:01 Scout Tower
20:02 Scout Tower
20:09 Scout Tower
20:31 Guard Tower
20:41 Guard Tower
25:15 Farm
25:15 Farm
25:56 Farm
25:56 Farm
25:58 Farm
26:22 Scout Tower
26:23 Scout Tower
27:08 Guard Tower
28:17 Gryphon Aviary
28:46 Scout Tower
28:47 Scout Tower
28:49 Scout Tower
29:30 Guard Tower
31:00 Scout Tower
31:00 Scout Tower
31:43 Cannon Tower
» items
| Mechanical Critter | 2 | |
| Scroll of Regeneration | 3 | |
| Boots of Speed | 2 | |
| Lesser Clarity Potion | 2 | |
| Potion of Mana | 2 | |
| Staff of Teleportation | 2 | |
| Scroll of Town Portal | 2 | |
| Potion of Healing | 6 | |
| Staff of Sanctuary | 1 | |
| Periapt of Vitality | 1 | |
| Potion of Lesser Invulnerability | 1 | |
24 total
Chat log
(31:40 / All) cheesewhiziest: 11
(31:51 / All) bce48: ?